 Dungeon Crawl Stone Soup version 0.31.0-11-ge490571c62 (webtiles) character file.

Game seed: 12829636193986704576

58 monsoonserge the Grasshopper (level 3, 0/18 HPs)
             Began as a Spriggan Warper on Feb 4, 2024.
             Slain by a goblin
             ... wielding a +0 dagger
             ... led by Robin
              (3 damage)
             ... on level 2 of the Dungeon.
             The game lasted 00:04:47 (2048 turns).

monsoonserge the Grasshopper (Spriggan Warper)      Turns: 2048, Time: 00:04:48

Health: 0/18       AC:  3    Str:  7    XL:     3   Next: 75%
Magic:  17/17      EV: 18    Int: 14    God:
Gold:   142        SH:  0    Dex: 16    Spells: 5/7 levels left

rFire   . . .        l - +0 rapier
rCold   . . .        (no shield)
rNeg    . . .        b - +0 robe
rPois   .            (helmet restricted)
rElec   .            m - +0 cloak
rCorr   .            (gloves unavailable)
SInv    +            (boots unavailable)
Will    .....        (no amulet)
Stlth   ++           p - ring of magical power
HPRegen 0.23/turn    (no ring)
MPRegen 0.15/turn

%: no passive effects
@: very quick
A: very small, no large weapons, unfitting armour, see invisible, speed 3
a: no special abilities


You were on level 2 of the Dungeon.
You visited 1 branch of the dungeon, and saw 3 of its levels.

You collected 142 gold pieces.

Inventory:

Hand Weapons
 a - a +0 short sword
 l - a +0 rapier (weapon)
Missiles
 d - 7 darts of dispersal (quivered)
Armour
 b - a +0 robe (worn)
 m - a +0 cloak (worn)
Jewellery
 p - a ring of magical power (left hand)
Scrolls
 c - a scroll of blinking
 f - 3 scrolls of identify {unknown}
 h - a scroll of silence {unknown}
 i - 3 scrolls of poison {unknown}
 n - 3 scrolls of amnesia {unknown}
 o - a scroll of vulnerability {unknown}
 q - a scroll of teleportation {unknown}
Potions
 e - a potion of lignification {unknown}
 g - a potion of heal wounds {unknown}
 j - 2 potions of cancellation {unknown}
 k - a potion of mutation {unknown}


   Skills:
 + Level 2.0 Fighting
 * Level 3.3 Short Blades
 + Level 1.1 Throwing
 + Level 3.5 Dodging
 + Level 0.4 Stealth
 + Level 2.9 Spellcasting
 + Level 4.8 Translocations


You had 5 spell levels left.
You knew the following spells:

 Your Spells              Type           Power      Damage    Failure   Level
a - Blink                 Tloc           30%        N/A       4%          2

Your spell library contained the following spells:

 Spells                   Type           Power      Damage    Failure   Level
 Lesser Beckoning         Tloc           30%        N/A       4%          2
 Teleport Other           Tloc           15%        N/A       9%          3
 Manifold Assault         Tloc           15%        N/A       28%         4
 Vhi's Electric Charge    Tloc/Air       16%        N/A       63%         4


Dungeon Overview and Level Annotations

Branches:
Dungeon (3/15)

Altars:
Qazlal

Shops:
D:3 [

Annotations:
D:3 Robin


Innate Abilities, Weirdness & Mutations

You are very small and have problems with some larger weapons.
You are too small for most types of armour.
You have supernaturally acute eyesight. (SInv)
You cover ground extremely quickly. (Speed+++)


Message History

HP restored.
You climb downwards.
Level annotation: Robin The hobgoblin shouts!
The goblin closely misses you.
Robin roars a battlecry!
The goblins go into a battle-frenzy!
There is a stone staircase leading up here.
The goblin misses you.
You climb upwards.
There is a stone staircase leading down here.
You hit the goblin.
The goblin is severely wounded.
The goblin hits you with a +0 club.
You hit the goblin.
You kill the goblin!
You see here a +0 club.
There is a stone staircase leading down here.
You start resting.
HP restored.
You climb downwards.
Level annotation: Robin The hobgoblin hits you.
A goblin comes into view. It is wielding a +1 dagger of draining.
The goblin closely misses you. x2; The hobgoblin hits you.
The goblin unwields a +1 dagger of draining.
The goblin wields a +0 sling.
The goblin shoots a sling bullet.
The sling bullet hits you.
Robin roars a battlecry!
The goblins go into a battle-frenzy!
There is a stone staircase leading up here.
The hobgoblin closely misses you. The goblin hits you with a +0 dagger.
Robin says, "My army is invincible!"
You climb upwards.
There is a stone staircase leading down here.
You see here a +0 club.
The goblin hits you with a +0 dagger.
* * * LOW HITPOINT WARNING * * *
The goblin attacks as it pursues you! The goblin hits you with a +0 dagger.
You die...

###########
############.........#
#.........)#.........#####
#........>.#..........)...
#........g.#..............
#........g.#..............
#........@.#..............
#......>...#..............
#..........#.............#
#..........######....)....
############.##.##### #.....##..
#..........#.##.)...###.._......
#..........#.######.##..........
#..........#.# #.............
#..........#.# ###..##.......


You could see a hobgoblin (strong) and a goblin (strong).

Vanquished Creatures
  An adder (D:3)
  A dart slug (D:2)
  An orc (D:3)
  2 ball pythons
  3 endoplasms (D:1)
  3 giant cockroaches (D:1)
  10 goblins
  8 hobgoblins
  4 bats
  3 frilled lizards
  2 kobolds (D:1)
  3 rats
41 creatures vanquished.

Notes
Turn   | Place    | Note
-------+----------+-------------------------------------------
     0 | D:1      | monsoonserge the Spriggan Warper began the quest for the
                  | Orb.
     0 | D:1      | Reached XP level 1. HP: 10/10 MP: 5/5
   488 | D:1      | Reached XP level 2. HP: 15/15 MP: 6/6
  1155 | D:2      | Reached XP level 3. HP: 17/18 MP: 8/8
  1158 | D:2      | Learned a level 2 spell: Blink
  1195 | D:2      | Found a stormy altar of Qazlal.
  1605 | D:3      | Found Kuenemp Uhig's Armour Boutique.
  1947 | D:3      | Noticed Robin
  2048 | D:2      | Slain by a goblin

Illustrated notes

Levels and vault maps discovered:
D:1:      saegor_arrival_simple_e, layout_basic, minmay_surrounded
D:2:      layout_rooms, basic_altar
D:3:      minmay_spotlight, layout_basic, serial_shops, nicolae_square_shop,
          uniq_robin

Skill      XL: |  1  2  3 |
---------------+----------+-----
Fighting       | 2 |  2.0
Short Blades   | 3 |  3.3
Throwing       | |  1.1
Dodging        | |  3.5
Stealth        | |  0.4
Spellcasting   | |  2.9
Translocations | |  4.8

Action                     || total
---------------------------++-------
  Melee: Short sword       ||   121
         Punch             ||     1
         Rapier            ||    45
   Cast: Blink             ||     1
   Stab: Sleeping          ||     1
 Armour: Robe              ||    52
  Dodge: Dodged            ||   135
